 Dungeon Crawl Stone Soup version 0.23.2-1-ga50397a6bc (webtiles) character file.

Game seed: 12659711090146753208

1458 Freyura the Cudgeler (level 8, -1/51 HPs)
             Began as a Gargoyle Fighter on May 7, 2019.
             Was a Follower of Elyvilon.
             Killed from afar by an orc wizard (5 damage)
             ... with a magic dart
             ... on level 5 of the Dungeon.
             The game lasted 00:12:14 (4489 turns).

Freyura the Cudgeler (Gargoyle Fighter)             Turns: 4489, Time: 00:12:16

Health: -1/51      AC: 19    Str: 20    XL:     8   Next: 76%
Magic:  17/17      EV:  6    Int:  9    God:    Elyvilon [*.....]
Gold:   289        SH: 11    Dex: 11    Spells: 7/7 levels left

rFire    . . .     SeeInvis .   e - +3 mace (crush)
rCold    . . .     Gourm    .   c - +1 shield
rNeg     + . .     Faith    .   s - +0 chain mail
rPois    ∞         Spirit   .   (no helmet)
rElec    +         Reflect  .   (no cloak)
rCorr    .         Harm     .   (no gloves)
MR       +....                  i - +2 pair of boots
Stlth    ..........             (no amulet)
HPRegen  0.17/turn              k - ring of protection from magic
MPRegen  0.15/turn              w - ring of magical power

@: no status effects
A: negative energy resistance 1, electricity resistance, unbreathing,
petrification resistance, rot immunity, AC +5
a: Lesser Healing, Divine Protection, Renounce Religion


You were on level 5 of the Dungeon.
You worshipped Elyvilon.
Elyvilon was aware of your devotion.
You were very hungry.

You visited 2 branches of the dungeon, and saw 7 of its levels.

You collected 289 gold pieces.

Inventory:

Hand Weapons
 a - a +1 flail
 e - a +3 mace of crushing (weapon)
Armour
 b - a +0 scale mail
 c - a +1 shield (worn)
 i - a +2 pair of boots (worn)
 s - a +0 chain mail (worn)
Jewellery
 k - a ring of protection from magic (left hand)
 n - an uncursed ring of ice
 w - a ring of magical power (right hand)
Wands
 r - a wand of flame (29)
 u - a wand of digging (4)
 x - a wand of acid (10)
Scrolls
 h - 3 scrolls of remove curse
 j - a scroll of fear
 l - a scroll of teleportation
 m - a scroll of identify
 o - a scroll of magic mapping {unknown}
Potions
 d - a potion of flight {unknown}
 g - a potion of curing
 p - a potion of degeneration {unknown}
 q - a potion of agility {unknown}
 t - 2 potions of brilliance {unknown}
Comestibles
 f - 6 rations


   Skills:
 + Level 6.1 Fighting
 * Level 6.9 Maces & Flails
 + Level 6.1 Armour
 + Level 6.1 Shields


You had 7 spell levels left.
You didn't know any spells.
Your spell library was empty.

Dungeon Overview and Level Annotations

Branches:
Dungeon (6/15)             Temple (1/1) D:6

Altars:
Ashenzari
Dithmenos
Elyvilon
Fedhas
Gozag
Hepliaklqana
Kikubaaqudgha
Makhleb
Nemelex Xobeh
Okawaru
Qazlal
Ru
Sif Muna
Trog
Uskayaw
Vehumet
Wu Jian
Yredelemnul
Zin


Innate Abilities, Weirdness & Mutations

You are resistant to torment.
Your stone body is resilient. (AC +5)
You are immune to poison.
You resist negative energy. (rN+)
You are resistant to electric shocks. (rElec)
You can survive without breathing.
You are immune to petrification.
You are immune to rotting.


Message History

The orc hits you with a +0 hand axe.
* * * LOW HITPOINT WARNING * * *
You block the orc wizard's attack.
You closely miss the orc.
The orc wizard hits you but does no damage.
The orc hits you but does no damage.
You sock the orc!
You kill the orc!
The orc wizard points at you and mumbles some strange words.
The magic dart hits you but does no damage.
The orc wizard barely misses you.
The orc wizard casts a spell.
The orc wizard blinks!
You block the orc wizard's attack.
You hit the orc wizard.
The orc wizard is moderately wounded.
The orc wizard points at you and mumbles some strange words.
The magic dart hits you but does no damage.
The orc wizard casts a spell at you. The magic dart hits you.
You die...

............##.........
....#................
##..####.(...........
#.####....#...()..........
.#.#>...........#..........
..........##....#...!......
................#..........
##.......#####..#..........
###......#####.)@o.........
.........#.....)...........
................o..........
...........................
#....................###.#.
#....................# ##
##....................
##..........(..........
..#.###.........


You could see 2 orc wizards.

Vanquished Creatures
  Menkaure (D:5)
  A sky beast (D:6)
  2 orc warriors
  An ice beast (D:6)
  An ogre (D:5)
  3 centaurs
  Blork the orc (D:4)
  A scorpion (D:4)
  2 electric eels (D:4)
  3 hounds
  3 orc priests
  An orc wizard (D:6)
  2 iguanas (D:6)
  A worker ant (D:4)
  A howler monkey skeleton (D:4)
  7 gnolls (D:5)
  5 adders
  2 adder skeletons
  A dart slug (D:1)
  A worm (D:4)
  4 leopard geckos
  13 orcs
  5 giant cockroaches
  9 goblins
  5 hobgoblins
  2 jackals (D:3)
  A quokka (D:3)
  7 bats
  3 frilled lizards
  6 kobolds
  A quokka skeleton (D:4)
  8 rats
104 creatures vanquished.

Notes
Turn   | Place    | Note
-------+----------+-------------------------------------------
     0 | D:1      | Freyura the Gargoyle Fighter began the quest for the Orb.
     0 | D:1      | Reached XP level 1. HP: 14/14 MP: 1/1
    42 | D:1      | Reached XP level 2. HP: 19/19 MP: 2/2
   223 | D:1      | Reached XP level 3. HP: 21/23 MP: 3/3
   927 | D:3      | Reached XP level 4. HP: 29/29 MP: 4/4
   999 | D:3      | Found a sacrificial altar of Ru.
  1886 | D:4      | Reached XP level 5. HP: 21/33 MP: 5/5
  2279 | D:4      | Found a hazy altar of Hepliaklqana.
  2352 | D:4      | Noticed Blork the orc
  2379 | D:4      | Killed Blork the orc
  2379 | D:4      | Reached XP level 6. HP: 24/39 MP: 6/6
  2380 | D:4      | Found a transporter.
  2505 | D:4      | Found a transporter.
  2852 | D:4      | You fall through a shaft for 2 floors!
  2862 | D:6      | Noticed an ice beast
  2880 | D:6      | Killed an ice beast
  2880 | D:6      | Reached XP level 7. HP: 44/44 MP: 7/7
  2902 | D:5      | Entered Level 5 of the Dungeon
  2915 | D:6      | Found a staircase to the Ecumenical Temple.
  2924 | Temple   | Entered the Ecumenical Temple
  3128 | Temple   | Became a worshipper of Elyvilon the Healer
  3194 | D:6      | Reached skill level 5 in Maces & Flails
  3214 | D:6      | Reached skill level 5 in Fighting
  3214 | D:6      | Reached skill level 5 in Armour
  3214 | D:6      | Reached skill level 5 in Shields
  3242 | D:6      | Found a blossoming altar of Fedhas.
  3346 | D:6      | Reached XP level 8. HP: 6/49 MP: 8/8
  3840 | D:5      | Reached * piety under Elyvilon
  3842 | D:5      | Noticed Menkaure
  3859 | D:5      | Killed Menkaure
  4227 | D:4      | Found a burning altar of Makhleb.
  4400 | D:5      | Identified a scroll of acquirement
  4489 | D:5      | Killed from afar by an orc wizard

Skill      XL: |  1  2  3  4  5  6  7  8 |
---------------+-------------------------+-----
Maces & Flails | 3 4 5 6 |  6.9
Fighting       | 4 5 6 |  6.1
Armour         | 4 5 6 |  6.1
Shields        | 4 5 6 |  6.1

Action                   |  1- 3 |  4- 6 |  7- 9 || total
-------------------------+-------+-------+-------++-------
Melee: Flail             |    96 |   113 |   128 ||   337
       Mace              |       |       |    39 ||    39
  Use: Scroll            |       |     7 |     4 ||    11
       Potion            |       |     3 |     3 ||     6
  Eat: Ration            |       |     2 |       ||     2
       Chunk             |       |     1 |     3 ||     4
Armor: Scale mail        |    60 |    18 |       ||    78
       Chain mail        |       |    46 |   160 ||   206
Dodge: Dodged            |    31 |    18 |    48 ||    97
Block: Shield            |    48 |    38 |   124 ||   210
